 Dungeon Sprint DCSS version 0.19.5 (webtiles) character file.

201065 Groucho the Halfling Catapult (level 19, 0/151 HPs)
             Began as a Halfling Wanderer on Mar 11, 2017.
             Was the Champion of Qazlal.
             Killed from afar by the Serpent of Hell (19 damage)
             ... with a fireball
             ... in the Dungeon (Sprint V: "Ziggurat Sprint") on Mar 18, 2017.
             The game lasted 00:30:54 (5380 turns).

Groucho the Halfling Catapult (Halfling Wanderer)   Turns: 5380, Time: 00:30:54

Health: 0/151      AC: 46    Str: 28    XL:     19   Next: 70%
Magic:  8/36       EV: 31    Int: 15    God:    Qazlal [******]
Gold:   0          SH: 47    Dex: 25    Spells: 0 memorised, 21 levels left

rFire  + . .     SeeInvis .     y - +9 fustibalus (venom)
rCold  + + +     Gourm    .     a - +9 gold dragon scales
rNeg   + . .     Faith    .     M - +18 shield of the Gong {rElec rN+ MR+ EV-5}
rPois  +         Spirit   .     O - +1 helmet {Int+3}
rElec  +         Reflect  .     D - +1 cloak of Starlight {rElec rC+ EV+4 Stlth--}
rCorr  .         Harm     .     c - +2 pair of gloves {Dex+3}
MR     ++...     NoTele   +     R - +2 pair of boots {Fly}
Stlth  ..........               Y - amulet "Conurram" {Regen+ Str+4 Slay+2}
                                U - ring "Gomur" {rC+ Str+6}
                                X - ring of Impatience {Str+3 Dex+4}

@: corroded, flying, very slightly contaminated, hasted, repel missiles, very
quick
A: mutation resistance 1
a: Upheaval, Elemental Force, Disaster Area, Renounce Religion, Stop Flying


You were in the Dungeon.
You worshipped Qazlal.
Qazlal was exalted by your worship.
You were very full.

You visited 1 branch

Inventory:

Hand Weapons
 y - a +9 fustibalus of venom (weapon)
 N - the +6 shillelagh "Devastator" {shatter}
   (You found it in the Dungeon)
Missiles
 A - 985 sling bullets (quivered)
Armour
 a - +9 gold dragon scales (worn)
 c - a +2 pair of gloves of dexterity (worn)
 D - the +1 cloak of Starlight (worn) {rElec rC+ EV+4 Stlth--}
   (You found it in the Dungeon)

   It affects your evasion (+4).
   It protects you from cold.
   It insulates you from electricity.
   It makes you much less stealthy.
 L - the +15 Maxwell's patent armour {-Cast -Tele rElec MR+ rCorr}
   (You found it in the Dungeon)

   It insulates you from electricity.
   It affects your resistance to hostile enchantments.
   It prevents spellcasting.
   It prevents most forms of teleportation.
   It protects you from acid and corrosion.
 M - the +18 shield of the Gong (worn) {rElec rN+ MR+ EV-5}
   (You found it in the Dungeon)

   It affects your evasion (-5).
   It insulates you from electricity.
   It protects you from negative energy.
   It affects your resistance to hostile enchantments.
 O - a +1 helmet of intelligence (worn)
 R - a +2 pair of boots of flying (worn)
Jewellery
 b - an uncursed ring of protection from cold
 C - the amulet of Hajep {Reflect *Slow rF++ SH+3}
   (You took it off a mottled draconian in the Dungeon)

   [amulet of reflection]

   It shields you and reflects attacks.
   It greatly protects you from fire.
   It may slow you when you take damage.
   It affects your SH (+3).
 G - the amulet of Tender Moments {rElec rN++ Regen+ Str-3}
   (You found it in the Dungeon)

   [amulet of regeneration]

   It affects your strength (-3).
   It insulates you from electricity.
   It greatly protects you from negative energy.
   It increases your rate of regeneration.
 P - a ring of the Octopus King {rN+ AC+1 EV+1 Str+1 Int+1 Dex+1}
   (You found it in the Dungeon)

   [ring of positive energy]

   It affects your AC (+1).
   It affects your evasion (+1).
   It affects your strength (+1).
   It affects your intelligence (+1).
   It affects your dexterity (+1).
   It protects you from negative energy.
 Q - the amulet of the Four Winds {rN+ MR+++ Clar}
   (You found it in the Dungeon)

   [amulet of nothing]

   It protects you from negative energy.
   It affects your resistance to hostile enchantments.
   It protects you against confusion.
 U - the ring "Gomur" (right hand) {rC+ Str+6}
   (You found it in the Dungeon)

   [ring of strength]

   It affects your strength (+6).
   It protects you from cold.
 V - the ring of Irphamo {rF+ rC+}
   (You found it in the Dungeon)

   [ring of protection from cold]

   It protects you from fire.
   It protects you from cold.
 X - the ring of Impatience (left hand) {Str+3 Dex+4}
   (You found it in the Dungeon)

   [ring of strength]

   It affects your strength (+3).
   It affects your dexterity (+4).
 Y - the amulet "Conurram" (around neck) {Regen+ Str+4 Slay+2}
   (You found it in the Dungeon)

   [amulet of regeneration]

   It affects your strength (+4).
   It affects your accuracy and damage with ranged weapons and melee attacks
   (+2).
   It increases your rate of regeneration.
Wands
 F - a wand of heal wounds (3/9)
 H - a wand of disintegration (7/24)
 I - a wand of iceblast (5/15)
 J - a wand of lightning (5/15)
 K - a wand of acid (5/15)
Scrolls
 k - 2 scrolls of blinking
 m - 4 scrolls of amnesia
 n - 3 scrolls of recharging
 o - 7 scrolls of fog
 p - a scroll of holy word
 q - 5 scrolls of identify
 r - 5 scrolls of remove curse
 s - 2 scrolls of fear
 B - a scroll of brand weapon
 E - 4 scrolls of enchant weapon
 S - 4 scrolls of enchant armour
Potions
 e - 8 potions of curing
 g - 3 potions of heal wounds
 h - 8 potions of haste
 i - 6 potions of magic
 j - 3 potions of berserk rage
 t - 2 potions of brilliance
 u - 2 potions of invisibility
 v - 3 potions of resistance
 w - a potion of experience
 x - 5 potions of agility
 z - 6 potions of might
Comestibles
 d - 42 fruits
 f - a bread ration
 l - 3 meat rations


   Skills:
 + Level 19.7 Fighting
 - Level 7.7 Maces & Flails
 O Level 27 Slings
 - Level 1.0(14.0) Throwing
 O Level 27 Armour
 O Level 27 Dodging
 O Level 27 Shields
 - Level 1.5 Spellcasting
   Level 2.4 Conjurations
 O Level 27 Invocations


You had 21 spell levels left.
You didn't know any spells.

Dungeon Overview and Level Annotations

Branches:
Dungeon (1/1)

Altars:
Ashenzari
Cheibriados
Dithmenos
Elyvilon
Fedhas
Gozag
Hepliaklqana
Kikubaaqudgha
Makhleb
Nemelex Xobeh
Okawaru
Qazlal
Ru
Sif Muna
Trog
Uskayaw
Vehumet
Xom
Yredelemnul
Zin
The Shining One
Beogh
Jiyva
Lugonu

Annotations:
D Cerebov, Dispater, Jory, Mnoleg, Serpent of Hell


Innate Abilities, Weirdness & Mutations

You are small and have problems with some larger weapons.
You are somewhat resistant to further mutation.


Message History

That felt strangely unrewarding.
The blast of magma engulfs Dispater.
Dispater partially resists.
Dispater is lightly wounded.
The blast of magma engulfs the reaper.
You kill the reaper!
The blast of magma engulfs Cerebov.
Cerebov partially resists.
Cerebov is lightly wounded.
The blast of magma engulfs the Hell Sentinel.
The Hell Sentinel partially resists.
The Hell Sentinel is moderately wounded.
Jory is infused with unholy energy.
* * * LOW HITPOINT WARNING * * *
Jory draws life force from you and is healed!
The Serpent of Hell breathes flames at you.
You hear a sizzling sound!
The Serpent of Hell breathes flames at you.
The blast of flame is repelled.
The Serpent of Hell breathes fire at you.
The fireball explodes!
The fireball engulfs you! You resist.
You die...

)):::.▓ ))|):.▓
.....)≈)≈≈&§≈1≈
......▓
...≈≈J≈≈≈≈≈.≈≈≈
......▓
...§≈.§≈§§§&&≈≈
.)....▓
.).§§§§§≈§§≈.≈≈
......▓
≈\≈§§≈≈§D≈≈≈≈.§
......▓
≈≈≈≈≈§≈§§§D.≈≈.
).....▓
≈≈≈≈≈§§§§§≈≈.≈.
......▓
≈≈.≈.§V@§≈.≈...
[.....▓
≈≈≈≈≈§§§§......
.▓....▓
≈≈▓≈≈§.§≈§≈§▓..
▓▓▓...▓ .
▓▓..)≈§.§▓▓ .
.▓....▓
..▓...§≈≈§≈≈▓..
......▓
....≈.≈§§≈.....
......▓
...≈.≈.§≈≈.§...
......▓
.......≈.≈.....
▓▓▓▓▓▓▓
▓▓▓▓▓▓▓▓▓▓▓▓▓▓▓


You could see Cerebov, Dispater, Mnoleg, the Serpent of Hell, Jory, a Hell
Sentinel, an iron dragon and a death ooze.

Vanquished Creatures
  Dissolution (D)
  the Royal Jelly (D)
  Ereshkigal (D)
  Gloorx Vloq (D)
  Mennas (D)
  Sojobo (D)
  Frederick (D)
  3 shard shrikes (shapeshifter) (D)
  A curse toe (D)
  2 pearl dragons (D)
  the Enchantress (D)
  An iron giant (shapeshifter) (D)
  8 Orb Guardians (D)
  An Ice Fiend (D)
  15 acid blobs (D)
  A titan (shapeshifter) (D)
  An acid blob (shapeshifter) (D)
  Frances (D)
  A death cob (D)
  A shadow dragon (D)
  Gastronok (D)
  A storm dragon (D)
  A thorn hunter (D)
  A daeva (D)
  16 azure jellies (D)
  An emperor scorpion (D)
  Aizul (D)
  4 frost giants (D)
  6 ghost moths (D)
  A reaper (D)
  3 ophanim (D)
  3 entropy weavers (D)
  3 black draconians (D)
  Nessos (D)
  An apis (D)
  2 stone giants (D)
  A red draconian (D)
  A purple draconian (D)
  2 spark wasps (D)
  2 merfolk javelineers (D)
  4 mottled draconians (D)
  2 yellow draconians (D)
  3 white draconians (D)
  11 death oozes (D)
  8 blizzard demons (D)
  A mummy priest (D)
  6 merfolk impalers (D)
  Erolcha (D)
  3 ice dragons (D)
  2 spriggan air magi (D)
  An anaconda (shapeshifter) (D)
  A satyr (D)
  3 merfolk aquamancers (D)
  A queen ant (shapeshifter) (D)
  3 spriggan berserkers (D)
  A sun demon (D)
  An iron troll (shapeshifter) (D)
  A spriggan druid (D)
  A skeletal warrior (D)
  A cherub (D)
  2 deep trolls (shapeshifter) (D)
  A swamp dragon (shapeshifter) (D)
  2 sea snakes (D)
  A hill giant (shapeshifter) (D)
  2 glowing orange brains (D)
  A harpy (D)
  A shambling mangrove (D)
  2 hill giants (D)
  An oklob plant (D)
  A faun (shapeshifter) (D)
  3 shining eyes (shapeshifter) (D)
  A shining eye (D)
  5 orb spiders (D)
  A wolf spider (shapeshifter) (D)
  2 cyclopes (D)
  A manticore (shapeshifter) (D)
  10 wolf spiders (D)
  2 cyclopes (shapeshifter) (D)
  3 manticores (D)
  5 moths of wrath (D)
  An orange demon (D)
  3 eyes of devastation (D)
  4 rime drakes (D)
  A rime drake (shapeshifter) (D)
  2 komodo dragons (D)
  6 demonic crawlers (D)
  5 freezing wraiths (D)
  A dryad (D)
  A meliai (shapeshifter) (D)
  9 ice devils (D)
  2 guardian mummies (D)
  8 merfolk (D)
  2 trolls (D)
  7 polar bears (D)
  9 jumping spiders (D)
  2 wind drakes (D)
  A snapping turtle (D)
  8 hornets (D)
  4 two-headed ogres (D)
  A hippogriff (shapeshifter) (D)
  A hippogriff (D)
  A snapping turtle (shapeshifter) (D)
  14 slime creatures (D)
  A dream sheep (shapeshifter) (D)
  A flying skull (D)
  A redback (shapeshifter) (D)
  14 redbacks (D)
  A spriggan (D)
  4 tarantellas (D)
  A wraith (D)
  2 wyverns (D)
  A basilisk (shapeshifter) (D)
  A chaos spawn (D)
  A golden eye (D)
  A swamp worm (shapeshifter) (D)
  2 mottled dragons (D)
  2 water moccasins (D)
  A floating eye (D)
  2 orc warriors (D)
  5 swamp drakes (D)
  4 ice beasts (D)
  4 black bears (D)
  An eye of draining (D)
  An ogre (D)
  2 wolves (D)
  2 crocodiles (D)
  3 crimson imps (D)
  An orc priest (D)
  4 jellies (D)
  An iron imp (D)
  4 orc wizards (D)
  3 mummies (D)
  2 shadow imps (D)
  5 white imps (D)
  2 oozes (D)
  An adder skeleton (D)
  3 adder simulacra (D)
  2 ball pythons (D)
  3 bat skeletons (D)
  2 bat zombies (D)
  A ball python skeleton (D)
  A bat simulacrum (D)
  A jackal skeleton (D)
  A leopard gecko skeleton (D)
  2 quokka skeletons (D)
  A butterfly (D)
389 creatures vanquished.

Vanquished Creatures (others)
  11 acid blobs (D)
  16 azure jellies (D)
  22 death oozes (D)
  Harold (D)
  Pikel (D)
  A wolf spider (D)
  Maurice (D)
  Psyche (D)
  Grinder (D)
  Prince Ribbit (D)
  Sigmund (D)
  Eustachio (D)
  Edmund (D)
  Duvessa (D)
  Purgy (D)
  Dowan (D)
  Jessica (D)
  Terence (D)
  2 white imps (D)
66 creatures vanquished.

Grand Total: 455 creatures vanquished

Notes
Turn   | Place    | Note
-------+----------+-------------------------------------------
     0 | D        | Groucho the Halfling Wanderer began the quest for the Orb.
     0 | D        | Groucho set off with: a +2 spear, Sif Muna's Catalogue of the Birds, the Compendium of Confrontation, a +0 robe, a potion of curing, a bread ration, a potion of heal wounds, a potion of haste, 2 potions of magic, a potion of berserk rage, a scroll of blinking
     0 | D        | Reached XP level 1. HP: 15/15 MP: 3/3
     5 | D        | Killed Pikel
     7 | D        | Identified Sif Muna's Catalogue of the Birds
     7 | D        | Identified the Compendium of Confrontation
    10 | D        | Found a blossoming altar of Fedhas.
    11 | D        | Found a viscous altar of Jiyva.
    11 | D        | Found a hazy altar of Hepliaklqana.
    11 | D        | Found an opulent altar of Gozag.
    11 | D        | Found an ancient bone altar of Kikubaaqudgha.
    11 | D        | Found a corrupted altar of Lugonu.
    14 | D        | Found a burning altar of Makhleb.
    15 | D        | Found a sacrificial altar of Ru.
    15 | D        | Found a stormy altar of Qazlal.
    15 | D        | Found a deep blue altar of Sif Muna.
    15 | D        | Found an iron altar of Okawaru.
    15 | D        | Found a bloodstained altar of Trog.
    15 | D        | Found a sparkling altar of Nemelex Xobeh.
    64 | D        | Became a worshipper of Qazlal Stormbringer
    91 | D        | Entered arena 1.
    93 | D        | Reached skill level 1 in Slings
    93 | D        | Reached skill level 1 in Invocations
   105 | D        | Entered arena 2.
   105 | D        | Noticed a rime drake
   105 | D        | Noticed a swamp drake
   105 | D        | Noticed a swamp drake
   117 | D        | Killed a swamp drake
   117 | D        | Reached * piety under Qazlal
   117 | D        | Reached skill level 5 in Slings
   117 | D        | Reached XP level 2. HP: 16/22 MP: 5/5
   117 | D        | Reached XP level 3. HP: 19/27 MP: 6/6
   117 | D        | Reached XP level 4. HP: 23/33 MP: 7/7
   122 | D        | Killed a swamp drake
   122 | D        | Reached skill level 5 in Armour
   122 | D        | Reached skill level 5 in Invocations
   122 | D        | Reached XP level 5. HP: 27/37 MP: 7/9
   122 | D        | Reached XP level 6. HP: 32/43 MP: 7/10
   124 | D        | Killed a rime drake
   124 | D        | Reached XP level 7. HP: 37/49 MP: 7/12
   199 | D        | Entered arena 3.
   199 | D        | Noticed a chaos spawn
   204 | D        | Reached ** piety under Qazlal
   204 | D        | Reached skill level 5 in Fighting
   205 | D        | Killed a chaos spawn
   205 | D        | Reached skill level 5 in Dodging
   205 | D        | Reached skill level 5 in Shields
   209 | D        | Reached *** piety under Qazlal
   209 | D        | Reached skill level 10 in Slings
   317 | D        | Entered arena 4.
   317 | D        | Noticed a merfolk
   317 | D        | Noticed a merfolk
   317 | D        | Noticed a merfolk
   317 | D        | Noticed a merfolk
   322 | D        | Killed a merfolk
   322 | D        | Reached XP level 8. HP: 56/56 MP: 4/14
   326 | D        | Killed a merfolk
   328 | D        | Killed a merfolk
   328 | D        | Reached skill level 5 in Maces & Flails
   332 | D        | Killed a merfolk
   332 | D        | Reached XP level 9. HP: 62/62 MP: 1/16
   831 | D        | Entered arena 5.
   831 | D        | Noticed a slime creature
   831 | D        | Noticed a slime creature
   834 | D        | Killed a slime creature
   834 | D        | Reached **** piety under Qazlal
   836 | D        | Killed a slime creature
   836 | D        | Reached skill level 10 in Armour
   836 | D        | Reached skill level 10 in Invocations
   878 | D        | Killed a death ooze
   911 | D        | Killed Terence
  1049 | D        | Entered arena 6.
  1049 | D        | Noticed a spriggan druid
  1055 | D        | Killed a spriggan druid
  1055 | D        | Reached XP level 10. HP: 71/71 MP: 16/18
  1056 | D        | Reached ***** piety under Qazlal
  1097 | D        | Killed Dowan
  1100 | D        | Entered arena 7.
  1100 | D        | Noticed an orange demon
  1100 | D        | Noticed a sun demon
  1102 | D        | Killed an orange demon
  1112 | D        | Killed a sun demon
  1140 | D        | Killed a death ooze
  1187 | D        | Killed Edmund
  1375 | D        | Entered arena 8.
  1375 | D        | Killed a death ooze
  1443 | D        | Killed Harold
  1445 | D        | Killed an azure jelly
  1478 | D        | Killed Duvessa
  1556 | D        | Entered arena 9.
  1556 | D        | Noticed a mummy priest
  1557 | D        | Reached ****** piety under Qazlal
  1559 | D        | Killed a mummy priest
  1559 | D        | Reached skill level 15 in Slings
  1564 | D        | Reached XP level 11. HP: 77/77 MP: 1/20
  1604 | D        | Killed Eustachio
  1627 | D        | Killed Jessica
  1647 | D        | Killed Psyche
  1752 | D        | Killed Prince Ribbit
  1784 | D        | Killed Maurice
  1909 | D        | Entered arena 10.
  1922 | D        | Got a ring of the Octopus King {rN+ AC+1 EV+1 Str+1 Int+1 Dex+1}
  1946 | D        | Entered arena 11.
  1950 | D        | Reached skill level 10 in Shields
  1985 | D        | Got the ring "Gomur" {rC+ Str+6}
  2111 | D        | Killed an acid blob
  2133 | D        | Entered arena 12.
  2133 | D        | Noticed a spriggan berserker
  2133 | D        | Noticed a spriggan air mage
  2133 | D        | Noticed a spriggan berserker
  2133 | D        | Noticed a shambling mangrove
  2133 | D        | Noticed an oklob plant
  2134 | D        | Noticed a thorn hunter
  2135 | D        | Noticed a spriggan berserker
  2137 | D        | Noticed a death yak
  2137 | D        | Noticed a spriggan air mage
  2137 | D        | Killed a spriggan air mage
  2137 | D        | Killed a spriggan berserker
  2137 | D        | Reached skill level 10 in Dodging
  2137 | D        | Killed a spriggan air mage
  2137 | D        | Reached XP level 12. HP: 56/85 MP: 9/22
  2137 | D        | Killed a shambling mangrove
  2137 | D        | Killed a thorn hunter
  2137 | D        | Killed a spriggan berserker
  2138 | D        | Killed a spriggan berserker
  2380 | D        | Entered arena 13.
  2381 | D        | Noticed a stone giant
  2381 | D        | Noticed a frost giant
  2382 | D        | Noticed a stone giant
  2387 | D        | Killed a frost giant
  2388 | D        | Killed a stone giant
  2388 | D        | Reached skill level 15 in Invocations
  2388 | D        | Reached skill level 15 in Armour
  2389 | D        | Reached skill level 10 in Fighting
  2392 | D        | Reached XP level 13. HP: 87/92 MP: 9/24
  2400 | D        | Killed a stone giant
  2476 | D        | Entered arena 14.
  2477 | D        | Noticed a merfolk javelineer
  2477 | D        | Noticed a merfolk javelineer
  2477 | D        | Noticed a merfolk impaler
  2477 | D        | Noticed a merfolk impaler
  2483 | D        | Killed a merfolk javelineer
  2483 | D        | Killed a merfolk impaler
  2483 | D        | Killed a merfolk impaler
  2483 | D        | Killed a merfolk javelineer
  2546 | D        | Entered arena 15.
  2547 | D        | Noticed a merfolk impaler
  2548 | D        | Noticed a merfolk impaler
  2548 | D        | Noticed a merfolk impaler
  2549 | D        | Noticed a merfolk impaler
  2553 | D        | Killed a merfolk impaler
  2553 | D        | Killed a merfolk impaler
  2553 | D        | Killed a merfolk impaler
  2558 | D        | Reached XP level 14. HP: 101/101 MP: 19/26
  2564 | D        | Reached skill level 15 in Shields
  2764 | D        | Killed an acid blob
  2913 | D        | Killed Sigmund
  2924 | D        | Killed an acid blob
  2930 | D        | Entered arena 16.
  2941 | D        | Noticed an apis
  2941 | D        | Noticed an ophan
  2943 | D        | Noticed a pearl dragon
  2943 | D        | Noticed a pearl dragon
  2943 | D        | Noticed an ophan
  2946 | D        | Noticed an ophan
  2946 | D        | Killed an acid blob
  2947 | D        | Killed an apis
  2947 | D        | Killed an ophan
  2947 | D        | Killed a pearl dragon
  2947 | D        | Killed an ophan
  2947 | D        | Killed an ophan
  2949 | D        | Killed a pearl dragon
  2949 | D        | Reached skill level 15 in Dodging
  2952 | D        | Noticed a daeva
  2966 | D        | HP: 5/102 [daeva/divine providence (14)]
  2981 | D        | Killed a daeva
  3032 | D        | Entered arena 17.
  3044 | D        | Noticed a reaper
  3053 | D        | Killed a reaper
  3078 | D        | Got the ring of Impatience {Str+3 Dex+4}
  3092 | D        | Got the amulet "Conurram" {Regen+ Str+4 Slay+2}
  3119 | D        | Killed Grinder
  3143 | D        | Killed an azure jelly
  3155 | D        | Killed an azure jelly
  3176 | D        | Entered arena 18.
  3178 | D        | Noticed an emperor scorpion
  3185 | D        | Noticed an entropy weaver
  3186 | D        | Reached XP level 15. HP: 109/109 MP: 21/28
  3187 | D        | Killed an emperor scorpion
  3343 | D        | Entered arena 19.
  3349 | D        | Killed a ghost moth
  3369 | D        | Killed a ghost moth
  3501 | D        | Killed an azure jelly
  3600 | D        | Entered arena 20.
  3606 | D        | Noticed an Orb Guardian
  3607 | D        | Noticed an Orb Guardian
  3616 | D        | Noticed a death cob
  3616 | D        | Noticed an Orb Guardian
  3617 | D        | Noticed an Orb Guardian
  3617 | D        | Noticed an Orb Guardian
  3617 | D        | Killed an Orb Guardian
  3618 | D        | Noticed an Orb Guardian
  3618 | D        | Killed an Orb Guardian
  3618 | D        | Killed an Orb Guardian
  3618 | D        | Killed a death cob
  3618 | D        | Killed an Orb Guardian
  3620 | D        | Noticed a storm dragon
  3620 | D        | Noticed an Orb Guardian
  3623 | D        | Noticed an Orb Guardian
  3624 | D        | Killed an Orb Guardian
  3627 | D        | Noticed a curse toe
  3627 | D        | Killed an Orb Guardian
  3627 | D        | Reached XP level 16. HP: 110/117 MP: 15/30
  3627 | D        | Killed an Orb Guardian
  3627 | D        | Killed an Orb Guardian
  3628 | D        | Killed a curse toe
  3644 | D        | Killed a storm dragon
  3657 | D        | Got the amulet of Hajep {Reflect *Slow rF++ SH+3}
  3795 | D        | Killed an azure jelly
  4098 | D        | Killed an azure jelly
  4109 | D        | Killed an azure jelly
  4118 | D        | Killed an azure jelly
  4126 | D        | Killed an acid blob
  4212 | D        | Entered arena 21.
  4215 | D        | Noticed a shard shrike
  4215 | D        | Noticed a glowing shapeshifter
  4215 | D        | Noticed a shard shrike
  4215 | D        | a glowing shapeshifter changed into a shard shrike
  4217 | D        | Killed a shard shrike
  4218 | D        | Noticed a shard shrike
  4218 | D        | Killed a shard shrike
  4220 | D        | Noticed a titan
  4222 | D        | Noticed a juggernaut
  4222 | D        | Noticed a juggernaut
  4222 | D        | a shard shrike changed into a juggernaut
  4223 | D        | Noticed a hellephant
  4223 | D        | Noticed an iron giant
  4223 | D        | a juggernaut changed into an iron giant
  4223 | D        | Noticed a hellephant
  4223 | D        | a titan changed into a hellephant
  4224 | D        | Reached XP level 17. HP: 126/126 MP: 23/32
  4224 | D        | Noticed a shard shrike
  4224 | D        | a hellephant changed into a shard shrike
  4224 | D        | Noticed a titan
  4224 | D        | a hellephant changed into a titan
  4225 | D        | Killed a shard shrike
  4225 | D        | Reached skill level 15 in Fighting
  4225 | D        | Killed an iron giant
  4225 | D        | Noticed an acid blob
  4225 | D        | a juggernaut changed into an acid blob
  4228 | D        | Killed an acid blob
  4231 | D        | Killed a titan
  4264 | D        | Killed an acid blob
  4492 | D        | Entered arena 22.
  4714 | D        | Killed an acid blob
  4808 | D        | Killed an acid blob
  4833 | D        | Killed an acid blob
  4924 | D        | Killed Purgy
  4947 | D        | Entered arena 23.
  4956 | D        | Noticed an acid blob
  4957 | D        | Reached XP level 18. HP: 135/135 MP: 32/34
  4967 | D        | Killed an acid blob
  5043 | D        | Got the amulet "Ylux" {Inacc +Fly rElec MR++ Dex-4}
  5045 | D        | Got the amulet of Tender Moments {rElec rN++ Regen+ Str-3}
  5071 | D        | Got the ring of Irphamo {rF+ rC+}
  5076 | D        | Got the amulet of Henusic {MR- Regen+ Int+7}
  5203 | D        | Entered arena 24.
  5214 | D        | Noticed an Ice Fiend
  5218 | D        | Killed an Ice Fiend
  5326 | D        | Got the ring "Ufadugg" {Ice +Blink +Inv Str-4 Stlth+}
  5356 | D        | Killed an acid blob
  5370 | D        | Entered arena 25.
  5370 | D        | Noticed an acid blob
  5370 | D        | Noticed an acid blob
  5370 | D        | Noticed an acid blob
  5370 | D        | Noticed an acid blob
  5370 | D        | Noticed an acid blob
  5370 | D        | Noticed an acid blob
  5370 | D        | Noticed Jory
  5370 | D        | Noticed Erolcha
  5370 | D        | Noticed Nessos
  5371 | D        | Noticed an acid blob
  5371 | D        | Noticed an acid blob
  5371 | D        | Noticed an acid blob
  5371 | D        | Noticed the Royal Jelly
  5372 | D        | Noticed Ereshkigal
  5372 | D        | Noticed Dissolution
  5372 | D        | Noticed Aizul
  5372 | D        | Noticed Gloorx Vloq
  5372 | D        | Killed an acid blob
  5372 | D        | Killed an acid blob
  5372 | D        | Killed an acid blob
  5372 | D        | Killed an acid blob
  5372 | D        | Killed Erolcha
  5372 | D        | Killed Nessos
  5372 | D        | Killed an acid blob
  5372 | D        | Killed an acid blob
  5372 | D        | Killed an acid blob
  5372 | D        | Noticed an acid blob
  5372 | D        | Noticed an acid blob
  5372 | D        | Noticed an acid blob
  5372 | D        | Noticed an acid blob
  5373 | D        | Noticed Frederick
  5374 | D        | Noticed an Executioner
  5374 | D        | Noticed an Executioner
  5374 | D        | Noticed the Serpent of Hell
  5374 | D        | Killed an acid blob
  5375 | D        | Noticed an acid blob
  5375 | D        | Noticed an Executioner
  5375 | D        | Noticed the Enchantress
  5375 | D        | Killed an acid blob
  5375 | D        | Killed an acid blob
  5375 | D        | Killed the Royal Jelly
  5375 | D        | Killed an acid blob
  5375 | D        | Killed an acid blob
  5375 | D        | Killed an acid blob
  5375 | D        | Killed Aizul
  5375 | D        | Killed Dissolution
  5375 | D        | Reached skill level 27 in Slings
  5375 | D        | Reached XP level 19. HP: 17/144 MP: 27/36
  5375 | D        | Killed the Enchantress
  5375 | D        | Killed Frederick
  5375 | D        | Killed Sojobo
  5376 | D        | Noticed Mennas
  5376 | D        | Noticed Dispater
  5377 | D        | Noticed Frances
  5377 | D        | Noticed Mnoleg
  5377 | D        | Killed Gloorx Vloq
  5377 | D        | Reached skill level 27 in Armour
  5377 | D        | Reached skill level 27 in Invocations
  5377 | D        | Killed Gastronok
  5377 | D        | Killed Frances
  5377 | D        | Killed Mennas
  5379 | D        | Noticed a Hell Sentinel
  5380 | D        | Noticed Cerebov
  5380 | D        | Killed Ereshkigal
  5380 | D        | Reached skill level 27 in Dodging
  5380 | D        | Reached skill level 27 in Shields
  5380 | D        | Killed from afar by the Serpent of Hell

Skill      XL: |  1  2  3  4  5  6  7  8  9 10 11 12 13 14 15 16 17 18 19 |
---------------+----------------------------------------------------------+-----
Slings         | 5 6 9 10 11 13 15 17 19 20 21 22 23 25 27 | 27.0
Invocations    | 4 5 6 8 9 10 12 13 15 17 18 20 22 24 26 27 | 27.0
Fighting       | 3 4 5 6 7 9 10 11 12 13 14 16 17 19 | 19.7
Maces & Flails | 2 3 4 5 6 7 |  7.7
Armour         | 4 5 6 8 9 10 12 13 15 16 18 20 22 24 26 27 | 27.0
Dodging        | 2 3 4 5 6 7 8 10 11 13 16 18 20 22 25 27 | 27.0
Shields        | 2 3 4 5 6 7 8 10 12 14 17 19 21 23 25 27 | 27.0
Throwing       | |  1.0
Spellcasting   | |  1.5
Conjurations   | |  2.4

Action                   |  1- 3 |  4- 6 |  7- 9 | 10-12 | 13-15 | 16-18 | 19-21 || total
-------------------------+-------+-------+-------+-------+-------+-------+-------++-------
Melee: Shillelagh        |     9 |     6 |    21 |    19 |     4 |    34 |       ||    93
 Fire: Fustibalus        |       |       |       |    20 |   149 |    62 |       ||   231
Invok: Upheaval          |       |       |     5 |    11 |       |     4 |       ||    20
       Disaster Area     |       |       |       |     7 |    12 |    13 |     3 ||    35
  Use: Potion            |     2 |       |     1 |       |     5 |     3 |     3 ||    14
       Scroll            |       |       |       |     8 |     3 |     2 |       ||    13
 Stab: Confused          |       |     1 |       |       |       |       |       ||     1
  Eat: Meat ration       |       |       |       |     1 |       |       |       ||     1
       Bread ration      |       |       |       |       |     1 |     3 |       ||     4
Armor: Plate armour      |     4 |     1 |     8 |       |       |       |       ||    13
       Gold dragon scale |       |       |       |     5 |    38 |    52 |     2 ||    97
Dodge: Dodged            |       |       |     4 |     6 |    25 |    52 |     2 ||    89
       Deflected         |       |       |       |     2 |     1 |     3 |     1 ||     7
Block: Shield            |    19 |     5 |    39 |    38 |   166 |   130 |    11 ||   408
